AoeStats
← mateuspmed93

Arabia

506479989Analyzed
3v3 RM · 17d ago on Sep 13, 2026· 73m 5s· 6 players
Game mode
Random Map
Map size
Normal (6 player)
Population
200
Speed
Normal
Resources
Standard
Victory
Conquest
Starting age
Dark Age
Ending age
Imperial Age
RankedLock teamsTeams togetherTeam positionsShared explorationLock speedFull tech treeHidden civsTurbo modeCheats
Victory
Defeat
🇫🇷 Mongols · France
927
+15
🇫🇷 Italians · France
811
+20
🇫🇷 Burgundians · France
750
+22
🇧🇷 Mongols · Brazil
920
-33
🇧🇷 Japanese · Brazil
911
-33
🇧🇷 Ethiopians · Brazil
850
-41
McBarms
10:08 Feudal Age
12:16 Double-Bit Axe
13:37 Fletching
15:02 Horse Collar
15:36 Padded Archer Armor
22:43 Castle Age
20:37 Gold Mining
20:39 Stone Mining
22:45 Crossbowman
23:31 Thumb Ring
24:41 Bow Saw
24:38 Heavy Plow
24:27 Crossbowman
25:16 Thumb Ring
24:39 Elite Skirmisher
26:02 Bodkin Arrow
27:40 Leather Archer Armor
30:55 Wheelbarrow
31:01 Ballistics
39:56 Forging
39:52 Scale Barding Armor
40:01 Bloodlines
39:52 Husbandry
45:53 Imperial Age
43:12 Town Watch
43:43 Hand Cart
45:34 Murder Holes
48:42 Imperial Age
49:28 Elite Steppe Lancer
52:46 Chemistry
54:11 Arbalester
73:49 Iron Casting
73:35 Chain Barding Armor
73:17 Bracer
Romain Le Conquérant
0:48 Loom
10:24 Feudal Age
11:17 Horse Collar
11:25 Double-Bit Axe
19:35 Castle Age
22:53 Bow Saw
22:54 Heavy Plow
24:18 Wheelbarrow
23:40 Gold Mining
23:41 Stone Mining
24:46 Fletching
24:57 Padded Archer Armor
24:45 Town Watch
25:19 Hand Cart
27:18 Town Patrol
29:43 Ballistics
30:27 Bodkin Arrow
30:48 Leather Archer Armor
36:06 Imperial Age
35:30 Stone Shaft Mining
37:56 Chemistry
37:54 Caravan
37:41 Arrowslits
38:02 Bracer
39:34 Guilds
44:54 Bombard Tower
43:57 Elite Genoese Crossbowman
45:10 Ring Archer Armor
55:58 Pirotechnia
56:09 Silk Road
66:30 Two-Man Saw
Roubiz
12:06 Loom
13:56 Wheelbarrow
16:50 Feudal Age
18:14 Man-at-Arms
25:40 Double-Bit Axe
28:21 Castle Age
28:59 Fletching
29:15 Scale Barding Armor
29:23 Forging
28:38 Cavalier
28:42 Pikeman
28:46 Long Swordsman
29:58 Bow Saw
31:05 Gold Mining
31:10 Stone Mining
39:18 Town Watch
39:25 Town Watch
41:19 Hand Cart
44:34 Imperial Age
43:42 Gold Shaft Mining
44:41 Bodkin Arrow
45:07 Chain Barding Armor
50:39 Paladin
54:16 Arrowslits
55:32 Chemistry
54:53 Ballistics
58:41 Elite Coustillier
68:27 Plate Barding Armor
67:53 Bracer
67:53 Padded Archer Armor
68:03 Husbandry
69:25 Caravan
mateuspmed93
8:50 Loom
11:52 Feudal Age
12:54 Double-Bit Axe
16:36 Horse Collar
19:08 Wheelbarrow
22:53 Castle Age
23:11 Crossbowman
25:18 Bow Saw
25:26 Gold Mining
31:23 Elite Skirmisher
37:14 Hand Cart
37:31 Padded Archer Armor
37:55 Fletching
42:30 Squires
50:29 Imperial Age
52:57 Arbalester
54:57 Halberdier
Tipe
6:46 Loom
10:27 Feudal Age
13:28 Double-Bit Axe
13:24 Horse Collar
16:51 Fletching
21:22 Padded Archer Armor
26:01 Castle Age
27:19 Thumb Ring
26:35 Crossbowman
26:44 Elite Skirmisher
29:16 Bow Saw
29:07 Heavy Plow
28:59 Gold Mining
29:25 Scale Mail Armor
41:23 Imperial Age
39:36 Wheelbarrow
39:42 Wheelbarrow
38:57 Town Watch
39:26 Forging
39:12 Bodkin Arrow
41:02 Chain Mail Armor
41:46 Hand Cart
43:56 Bracer
43:28 Elite Samurai
44:44 Town Patrol
45:20 Iron Casting
45:16 Plate Mail Armor
46:35 Ballistics
47:16 Chemistry
46:20 Pikeman
48:31 Leather Archer Armor
49:16 Blast Furnace
47:41 Arbalester
52:03 Ring Archer Armor
50:57 Halberdier
55:03 Squires
54:49 Gambesons
56:03 Arson
73:29 Scale Barding Armor
74:27 Two-Man Saw
74:04 Gold Shaft Mining
73:19 Stone Mining
73:31 Murder Holes
73:21 Arrowslits
73:17 Treadmill Crane
Sapo Chifrudo
5:42 Loom
10:09 Feudal Age
11:36 Wheelbarrow
11:23 Double-Bit Axe
11:20 Horse Collar
15:57 Scale Barding Armor
20:43 Bloodlines
22:18 Town Watch
25:44 Castle Age
27:10 Husbandry
26:31 Light Cavalry
28:08 Thumb Ring
33:00 Chain Barding Armor
32:32 Fletching
32:43 Padded Archer Armor
33:01 Forging
33:54 Hand Cart
36:43 Iron Casting
41:33 Imperial Age
42:20 Elite Steppe Lancer
44:03 Blast Furnace
43:39 Leather Archer Armor
43:52 Bodkin Arrow
49:25 Elite Skirmisher
49:31 Elite Mangudai
51:37 Cavalier
54:35 Conscription
55:48 Bow Saw
56:40 Bracer
58:24 Hoardings
58:23 Hussar
65:34 Scale Mail Armor
Connection lost

Rejoining the realm…

Still unreachable

The connection could not be restored.

Session expired

The server has moved on; the page needs a fresh start.